 Dungeon Crawl Stone Soup version 0.16.0 (webtiles) character file.

2085 Sixotanaka the Grappler (level 9, -1/76 HPs)
             Began as a Troll Warper on Mar 22, 2015.
             Was a Priest of Cheibriados.
             Slain by a hungry ghost (3 damage)
             ... on level 7 of the Dungeon.
             The game lasted 00:11:43 (5566 turns).

Sixotanaka the Grappler (Troll Warper)              Turns: 5566, Time: 00:11:43

Health: -1/76      AC:  5    Str: 29    XL:     9   Next: 6%
Magic:  12/12      EV: 10    Int: 17    God:    Cheibriados [***...]
Gold:   286        SH:  0    Dex: 20    Spells: 3 memorised, 5 levels left

rFire  . . .     SeeInvis .       - Unarmed
rCold  . . .     Clarity  .     b - +0 robe
rNeg   + . .     SustAb   .     (shield restricted)
rPois  .         Gourm    +     (helmet restricted)
rElec  .         Spirit   .     (no cloak)
rCorr  .         Warding  .     (gloves unavailable)
rMut   .         Stasis   .     (boots unavailable)
MR     .....                    (no amulet)
Stlth  ++........               (no ring)
                                y - ring of positive energy

@: very slow, not resistant to hostile enchantments, unstealthy
A: unfitting armour, claws 3, fast metabolism 3, gourmand, regeneration 2,
shaggy fur 1, tough skin 2
a: Bend Time, Temporal Distortion, Renounce Religion


You were on level 7 of the Dungeon.
You worshipped Cheibriados.
Cheibriados was most pleased with you.
You were completely stuffed.

You visited 1 branch of the dungeon, and saw 7 of its levels.
You also visited: Sewer.

You collected 286 gold pieces.


Innate Abilities, Weirdness & Mutations

You are too large for most types of armour.
You have claws for hands.
Your metabolism is lightning-fast.
You like to eat raw meat.
You heal very quickly.
You are covered in fur (AC +1).
You have very tough skin (AC +2).


   Skills:
 - Level 1.5 Fighting
 - Level 0.8 Throwing
 - Level 0.7 Armour
 - Level 1.5 Dodging
 * Level 10.4 Unarmed Combat
 - Level 1.2 Spellcasting
 - Level 2.1 Translocations
 + Level 5.4 Invocations


You had 5 spell levels left.
You knew the following spells:

 Your Spells              Type           Power        Failure   Level  Hunger
a - Shroud of Golubria    Chrm/Tloc      #.........   24%         2    ###....
b - Blink                 Tloc           N/A          14%         2    ###....
e - Apportation           Tloc           #.........   10%         1    ##.....


Dungeon Overview and Level Annotations

Branches:
Dungeon (7/15)             Temple (0/1) D:5

Altars:
Ashenzari
Cheibriados
Elyvilon
Gozag
Makhleb
Nemelex Xobeh
Okawaru
Trog
Xom
Zin
The Shining One

Inventory:

Hand weapons
 v - a +0 blowgun
Missiles
 e - 5 tomahawks of dispersal {!f}
 i - 5 javelins (quivered)
 u - 11 poisoned needles
 E - 71 stones
Armour
 b - a +0 robe (worn)
Jewellery
 y - a ring of positive energy (left claw)
Magical devices
 m - a wand of fire (8)
 r - a wand of fireball (1)
 G - a wand of disintegration (12)
 K - a wand of lightning (6)
Scrolls
 d - 2 scrolls of blinking
 g - 5 scrolls of teleportation {@r4}
 h - 5 scrolls of remove curse {@r2}
 l - 2 scrolls of magic mapping {unknown}
 n - 2 scrolls of amnesia
 o - 4 scrolls of fear
 B - a scroll of enchant armour {unknown}
 D - a scroll of immolation {unknown}
 I - a scroll of random uselessness {unknown}
 L - a scroll of identify {@r1}
Potions
 f - a potion of restore abilities {unknown}
 k - 3 potions of cure mutation {unknown}
 p - 2 potions of curing {@q1}
 q - 4 potions of agility {unknown}
 s - 2 potions of invisibility {unknown}
 t - a potion of flight {unknown}
 w - 2 potions of haste {@q3}
 x - 4 potions of brilliance {unknown}
 A - a potion of lignification {unknown}
 C - a potion of degeneration {unknown}
 H - 2 potions of berserk rage {unknown}
Books
 c - a book of Spatial Translocations
 J - a book of the Sky
Comestibles
 a - 4 meat rations
 j - 8 bread rations
 z - 2 fruits

###.###.#......>..#
....#.##.##..##.#
#.#.#.#......#..#
#.#.#.########.###
#.#.............
#.###.........#.
#.###.#########.
#####.##......#.....
#.W@...'......#.####
#.###.##......#.# ..
#.##......#.# ##
#.##......#.# ##
#.##......#.###.
#.##......#.....
#.#########..... #.#
#..... #.# #.###.


You could see a hungry ghost.


Message History

The hippogriff begins to bleed from its wounds!
The hippogriff bites you. The hippogriff pecks you.
The hippogriff barely misses you.
You claw the hippogriff!! You claw the hippogriff!!
You kill the hippogriff!
Cheibriados appreciates the change of pace.
No target in view!
You now have 286 gold pieces (gained 16).
L - a scroll of identify {@r1} Something hits you.
Deactivating autopickup; reactivate with Ctrl-A.
Something hits you. Something hits you! Something hits you. Something hits you!
Something hits you. Something hits you!
* * * LOW HITPOINT WARNING * * *
Something hits you.
* * * LOW HITPOINT WARNING * * *
Something hits you.
* * * LOW HITPOINT WARNING * * *
You swing at nothing.
Something hits you!
* * * LOW HITPOINT WARNING * * *
Something hits you.
* * * LOW HITPOINT WARNING * * *
Drink which item? (? for menu, Esc to quit)
It was a potion of curing.
You feel better. Something hits you but does no damage.
Read which item? (? for menu, Esc to quit)
As you read the scroll of teleportation {@r4}, it crumbles to dust.
You feel strangely unstable. Something hits you.
* * * LOW HITPOINT WARNING * * *
You swing at nothing.
You swing at nothing.
Something hits you.
* * * LOW HITPOINT WARNING * * *
Something hits you.
* * * LOW HITPOINT WARNING * * *
You claw something!! Something hits you.
* * * LOW HITPOINT WARNING * * *
Something hits you but does no damage.
Drink which item? (? for menu, Esc to quit)
You feel better. Something hits you but does no damage.
You swing at nothing.
Your surroundings suddenly seem different.
You start resting.
Some of the chunks of flesh in your inventory have rotted away.
Eating one of 6 chunks of flesh.
This raw flesh tastes great.
You continue eating. x2
Some of the chunks of flesh in your inventory have rotted away.
You open the door.
There is an open door here.
Something hits you!
All of the chunks of flesh in your inventory have rotted away.
Something hits you! Something hits you. Something hits you but does no damage.
You claw something!! Something hits you. Something hits you but does no damage.
You barely miss something. Something hits you.
You closely miss something. Something hits you!
* * * LOW HITPOINT WARNING * * *
Something hits you!
* * * LOW HITPOINT WARNING * * *
A hungry ghost comes into view.
You barely miss something. Something hits you!
* * * LOW HITPOINT WARNING * * *
You scratch the hungry ghost! Something hits you.
* * * LOW HITPOINT WARNING * * *
Something hits you!
* * * LOW HITPOINT WARNING * * *
The hungry ghost hits you.
You die...

Action                   |  1- 3 |  4- 6 |  7- 9 || total
-------------------------+-------+-------+-------++-------
Melee: Unarmed           |    73 |   132 |   174 ||   379
Throw: Javelin           |     1 |     2 |       ||     3
 Cast: Apportation       |       |     2 |       ||     2
Evoke: Wand              |       |     2 |       ||     2
  Use: Scroll            |       |     6 |     1 ||     7
       Potion            |       |       |     2 ||     2
 Stab: Sleeping          |       |     1 |     2 ||     3
  Eat: Chunk             |    14 |    11 |    21 ||    46

Vault maps used:
D:1:      saegor_arrival_miasma
D:2:      overflow_temple_1_default, uniq_jessica, uniq_terence
D:3:      trog_eyes_of_draining, overflow_temple_1_default,
          nicolae_tso_swordbearing_angel, first_bread
D:4:      led_xom_imps, lemuel_coloured_pillars_altar, gup_sewer_entry_bowl
D:5:      grunt_temple_overflow_open, minmay_temple_entry_steel_oval,
          grunt_ministairs_7, kennysheep_generic_room_12
D:6:      grunt_temple_overflow_order_and_chaos_2, minmay_misc_feat_square,
          minmay_misc_feat_rows, uniq_natasha
D:7:      kennysheep_mini, uniq_sigmund, uniq_pikel
Sewer:    kennysheep_door_sewer

Notes
Turn   | Place    | Note
--------------------------------------------------------------
     0 | D:1      | Sixotanaka, the Troll Warper, began the quest for the Orb.
     0 | D:1      | Reached XP level 1. HP: 19/19 MP: 2/2
   370 | D:1      | Reached XP level 2. HP: 27/27 MP: 2/2
   474 | D:1      | Reached skill level 3 in Unarmed Combat
   720 | D:2      | Reached XP level 3. HP: 24/33 MP: 3/3
   758 | D:2      | Noticed Terence
   766 | D:2      | Killed Terence
   766 | D:2      | Reached skill level 4 in Unarmed Combat
   906 | D:2      | Reached XP level 4. HP: 41/41 MP: 4/4
  1110 | D:2      | Found a white marble altar of Elyvilon.
  1157 | D:2      | Noticed Jessica
  1164 | D:2      | Killed Jessica
  1256 | D:2      | Reached skill level 5 in Unarmed Combat
  1526 | D:3      | Reached XP level 5. HP: 24/48 MP: 4/4
  1655 | D:3      | Found a snail-covered altar of Cheibriados.
  1676 | D:3      | Became a worshipper of Cheibriados the Contemplative
  1834 | D:3      | Found a bloodstained altar of Trog.
  1835 | D:3      | Noticed an eye of draining
  1848 | D:3      | Killed an eye of draining
  1848 | D:3      | Reached skill level 6 in Unarmed Combat
  1848 | D:3      | Reached skill level 1 in Invocations
  1848 | D:3      | Reached XP level 6. HP: 46/55 MP: 0/5
  1953 | D:3      | Noticed Ultraviolent4's ghost (average TeAK)
  1963 | D:3      | Killed Ultraviolent4's ghost
  1963 | D:3      | Reached skill level 2 in Invocations
  2056 | D:3      | Found a glowing golden altar of the Shining One.
  2063 | D:3      | Acquired Cheibriados' first power
  2282 | D:4      | Reached skill level 7 in Unarmed Combat
  2296 | D:4      | Found a glowing drain.
  2300 | Sewer    | Entered a sewer
  2310 | Sewer    | Noticed Purgy
  2312 | Sewer    | Killed Purgy
  2312 | Sewer    | Reached XP level 7. HP: 57/62 MP: 5/5
  2851 | D:4      | Found a shimmering altar of Xom.
  2864 | D:4      | Reached skill level 3 in Invocations
  3076 | D:4      | Reached skill level 8 in Unarmed Combat
  3632 | D:4      | Found a sparkling altar of Nemelex Xobeh.
  3677 | D:5      | Entered Level 5 of the Dungeon
  3733 | D:5      | Found a staircase to the Ecumenical Temple.
  3734 | D:5      | Reached XP level 8. HP: 45/70 MP: 7/8
  3805 | D:5      | Reached skill level 4 in Invocations
  3928 | D:5      | Reached skill level 9 in Unarmed Combat
  3933 | D:5      | HP: 16/70 [orc/enchanted trident (6)]
  4163 | D:5      | Found an iron altar of Okawaru.
  4185 | D:5      | Found a shattered altar of Ashenzari.
  4186 | D:5      | Found an opulent altar of Gozag.
  4358 | D:5      | Acquired Cheibriados' second power
  4658 | D:5      | Learned a level 2 spell: Blink
  4661 | D:5      | Learned a level 2 spell: Shroud of Golubria
  4974 | D:6      | Reached skill level 10 in Unarmed Combat
  4974 | D:6      | Reached skill level 5 in Invocations
  5035 | D:6      | Noticed Natasha
  5037 | D:6      | Killed Natasha
  5056 | D:6      | Noticed Natasha
  5057 | D:6      | Killed Natasha
  5095 | D:6      | Noticed Natasha
  5096 | D:6      | Killed Natasha
  5194 | D:6      | Found a burning altar of Makhleb.
  5197 | D:6      | Noticed a cacodemon
  5199 | D:6      | Found a glowing silver altar of Zin.
  5199 | D:6      | Noticed an angel
  5367 | D:7      | Noticed Sigmund
  5370 | D:7      | Killed Sigmund
  5370 | D:7      | Reached XP level 9. HP: 62/76 MP: 12/12
  5429 | D:7      | HP: 17/76 [something (11)]
  5433 | D:7      | HP: 7/76 [something (5)]
  5434 | D:7      | HP: 3/76 [something (5)]
  5565 | D:7      | HP: 16/76 [something (9)]
  5566 | D:7      | HP: 2/76 [something (8)]
  5566 | D:7      | Slain by a hungry ghost

Vanquished Creatures
  The ghost of Ultraviolent4 the Skirmisher, an average TeAK of Lugonu (D:3)
  A hippogriff (D:7)
  An ogre (D:6)
  A phantom (D:5)
  Purgy (Sewer)
  An eye of draining (D:3)
  An orc warrior (D:5)
  A centaur (D:5)
  Sigmund (D:7)
  2 giant frogs (D:4)
  2 scorpions
  3 wights (D:5)
  A goliath beetle (D:6)
  3 crimson imps
  2 giant frog skeletons (D:5)
  A hound (D:7)
  2 orc priests (D:5)
  3 orc wizards
  A worker ant (D:6)
  Natasha (thrice) (D:6)
  An iguana (D:5)
  Jessica (D:2)
  A hound skeleton (D:7)
  A hound zombie (D:5)
  Terence (D:2)
  A gnoll (D:3)
  11 adders
  A shadow imp (D:5)
  4 giant mites
  5 worms
  4 giant geckos
  An ooze (D:2)
  13 orcs
  2 ball pythons
  8 giant cockroaches
  8 hobgoblins
  3 jackals (D:5)
  3 quokkas
  17 bats
  A giant cockroach zombie (D:5)
  4 giant newts
  9 goblins
  13 kobolds
  A quokka skeleton (D:4)
  12 rats
158 creatures vanquished.
